 Dungeon Crawl Stone Soup version 0.20.0-4-g10b340a (webtiles) character file.

315 kuniqs the Shield-Bearer (level 6, -1/84 HPs)
             Began as a Minotaur Fighter on May 27, 2017.
             Slain by a killer bee (5 damage)
             ... on level 3 of the Dungeon.
             The game lasted 00:03:27 (1686 turns).

kuniqs the Shield-Bearer (Minotaur Fighter)         Turns: 1686, Time: 00:03:28

Health: -1/84      AC: 23    Str: 22    XL:     6   Next: 20%
Magic:  5/5        EV:  2    Int: 10    God:
Gold:   91         SH: 10    Dex: 10    Spells: 5/5 levels left

rFire    + . .     SeeInvis .   (no weapon)
rCold    + . .     Gourm    .   c - +0 shield
rNeg     + + +     Faith    +   (armour currently unavailable)
rPois    +         Spirit   .   (helmet currently unavailable)
rElec    +         Reflect  .   (cloak currently unavailable)
rCorr    +         Harm     .   (gloves currently unavailable)
MR       .....     NoTele   +   (boots currently unavailable)
Stlth    +.........             i - amulet of faith
Regen    0.3/turn               (no ring)
MPRegen  0.1/turn               (no ring)

@: brilliant, lethally poisoned (-1 -> -2), tree-form, resistant
A: (retaliatory headbutt)
a: no special abilities


You were on level 3 of the Dungeon.
You were not hungry.
You were a tree.
You visited 1 branch of the dungeon, and saw 3 of its levels.

You collected 91 gold pieces.

Inventory:

Hand Weapons
 a - a +0 long sword
Missiles
 o - 2 javelins of penetration (quivered)
Armour
 c - a +0 shield (worn)
 h - a +0 chain mail (melded)
Jewellery
 i - an amulet of faith (around neck)
Scrolls
 e - 2 scrolls of remove curse {unknown}
 k - 2 scrolls of fear {unknown}
 m - a scroll of enchant armour {unknown}
 p - 3 scrolls of identify {unknown}
 r - a scroll of enchant weapon {unknown}
 s - 2 scrolls of recharging {unknown}
 t - a scroll of noise {unknown}
Potions
 u - a potion of might
Comestibles
 d - 3 bread rations
 f - 3 fruits
 g - 2 chunks of flesh


   Skills:
 + Level 5.0 Fighting
 + Level 3.9 Long Blades
 + Level 4.8 Armour
 + Level 2.5 Dodging
 + Level 5.3 Shields


You had 5 spell levels left.
You didn't know any spells.

Dungeon Overview and Level Annotations

Branches:
Dungeon (3/15)

Altars:
Fedhas
Kikubaaqudgha
Vehumet


Innate Abilities, Weirdness & Mutations

((You reflexively headbutt those who attack you in melee.))
((You have a pair of horns on your head.))


Message History

Really attack barehanded?
You miss the killer bee.
The killer bee is lightly wounded.
The killer bee stings you.
* * * LOW HITPOINT WARNING * * *
The killer bee stings you but does no damage.
You closely miss the killer bee.
The killer bee is lightly wounded.
You feel sick. You block the killer bee's attack.
The killer bee stings you but does no damage.
You smack the killer bee!
You kill the killer bee!
Your Fighting skill increases to level 5!
You block the killer bee's attack.
Your shield prevents you from hitting the killer bee.
The killer bee stings you but does no damage. x2
You block the killer bee's attack.
Your shield prevents you from hitting the killer bee.
You feel sick. You block the killer bee's attack. The killer bee stings you.
You die...

#. #...# #. #...# #####
###. #...# #.... #.#.
######...####.###
#..##.............# #
##.)............... #
#.................#.#
#..#.#y#####...####.#.#
# #.#♣# #.......##....
..#.# #.#...#.####.#
.###.# #.#...#.####.# y.
#.# #.#.......##.. $y
..# #.#####....... ###
#####.........###.
#......####..####
#.####.........##
########.##...####..#.##


You could see a killer bee.

Vanquished Creatures
  5 killer bees (D:3)
  4 adders
  2 worms (D:2)
  3 dart slugs
  A leopard gecko (D:3)
  5 giant cockroaches
  9 goblins
  4 hobgoblins
  6 kobolds
  A quokka (D:2)
  8 bats
  5 frilled lizards
  6 rats
59 creatures vanquished.

Notes
Turn   | Place    | Note
-------+----------+-------------------------------------------
     0 | D:1      | kuniqs the Minotaur Fighter began the quest for the Orb.
     0 | D:1      | Reached XP level 1. HP: 19/19 MP: 0/0
    10 | D:1      | Noticed a wolf
    10 | D:1      | Noticed an anaconda
    10 | D:1      | Noticed a lindwurm
    10 | D:1      | Noticed a six-headed hydra
   151 | D:1      | Reached XP level 2. HP: 24/27 MP: 1/1
   558 | D:2      | Found a blossoming altar of Fedhas.
   597 | D:2      | Reached XP level 3. HP: 31/33 MP: 2/2
   737 | D:2      | Reached skill level 1 in Dodging
  1037 | D:2      | Reached XP level 4. HP: 40/40 MP: 3/3
  1360 | D:3      | Found an ancient bone altar of Kikubaaqudgha.
  1410 | D:3      | Found a radiant altar of Vehumet.
  1653 | D:3      | Reached XP level 5. HP: 29/47 MP: 4/4
  1657 | D:3      | Reached skill level 5 in Shields
  1677 | D:3      | Reached XP level 6. HP: 12/55 MP: 5/5
  1683 | D:3      | HP: 4/82 [poisoned by a killer bee]
  1684 | D:3      | Reached skill level 5 in Fighting
  1686 | D:3      | Slain by a killer bee

Skill      XL: |  1  2  3  4  5  6 |
---------------+-------------------+-----
Fighting       | 4 5 |  5.0
Armour         | 4 |  4.8
Shields        | 4 5 |  5.3
Dodging        | 1 2 |  2.5
Long Blades    | 3 |  3.9

Action                   |  1- 3 |  4- 6 || total
-------------------------+-------+-------++-------
Melee: Long sword        |   126 |    69 ||   195
       Headbutt          |    14 |    11 ||    25
       Unarmed           |       |     5 ||     5
  Use: Potion            |       |     6 ||     6
  Eat: Chunk             |     1 |     2 ||     3
Armor: Chain mail        |    58 |    36 ||    94
       Scale mail        |     3 |       ||     3
       Skin              |       |    14 ||    14
Dodge: Dodged            |    26 |    19 ||    45
Block: Shield            |    70 |    50 ||   120
       Rpst.: Long sword |     4 |     8 ||    12
